 Dungeon Crawl Stone Soup version 0.16.2-12-gd0ad4c3 (webtiles) character file.

107 magipi the Chopper (level 4, -3/36 HPs)
             Began as a Ghoul Gladiator on July 22, 2016.
             Slain by a river rat (4 damage)
             ... in a sewer.
             The game lasted 00:07:51 (1074 turns).

magipi the Chopper (Ghoul Gladiator)                Turns: 1074, Time: 00:07:51

Health: -3/36      AC: 10    Str: 23    XL:     4   Next: 85%
Magic:  3/3        EV: 14    Int:  3    God:
Gold:   87         SH:  0    Dex: 15    Spells: 0 memorised, 3 levels left

rFire  . . .     SeeInvis .     a - +0 war axe
rCold  + . .     Clarity  .     s - +0 chain mail
rNeg   + + +     SustAb   .     (no shield)
rPois  ∞         Gourm    .     c - +0 helmet
rElec  .         Spirit   .     k - +0 cloak
rCorr  .         Warding  .     (no gloves)
rMut   .         Stasis   .     (no boots)
MR     .....                    (no amulet)
Stlth  ..........               (no ring)
                                (no ring)

@: mighty, agile, rotting, not resistant to hostile enchantments, extremely
unstealthy
A: rotting body, claws 1, carnivore 3, cold resistance 1, negative energy
resistance 3, poison resistance, slow healing 1, torment resistance, unbreathing
a: no special abilities


You were in a sewer.
You were not hungry.

You visited 1 branch of the dungeon, and saw 3 of its levels.
You also visited: Sewer.

You collected 87 gold pieces.

Inventory:

Hand weapons
 a - a +0 war axe (weapon)
Missiles
 g - 2 throwing nets (quivered)
 p - 5 curare-tipped needles
Armour
 c - a +0 helmet (worn)
 k - a +0 cloak (worn)
 s - a +0 chain mail (worn)
Jewellery
 o - an uncursed amulet of clarity {unknown}
Scrolls
 b - 2 scrolls of amnesia {unknown}
 h - a scroll of enchant weapon {unknown}
 i - a scroll of teleportation {unknown}
 m - a scroll of remove curse {unknown}
 r - a scroll of recharging {unknown}
Potions
 e - a potion of magic {unknown}
 f - a potion of cure mutation {unknown}
 l - a potion of agility
 n - a potion of invisibility {unknown}
 q - a potion of haste {unknown}
 t - a potion of heal wounds {unknown}
Comestibles
 j - a meat ration
 u - 3 chunks of flesh


   Skills:
 - Level 2.1 Fighting
 * Level 4.3 Axes
 + Level 2.7 Throwing
 - Level 2.6 Dodging


You had 3 spell levels left.
You didn't know any spells.

Dungeon Overview and Level Annotations

Branches:
Dungeon (3/15)

Altars:


Innate Abilities, Weirdness & Mutations

Your body is rotting away.
You thrive on raw meat.
You have sharp fingernails.
You are carnivorous and can eat meat at any time.
Your flesh is cold resistant.
You are immune to negative energy.
Your system is resistant to poisons.
You heal slowly when monsters are visible.
You are immune to unholy pain and torment.
You can survive without breathing.

Vault maps used:
D:1:      eino_arrival_druids_welcome
D:2:      uniq_terence
D:3:      okawaru_gym_becter, nicolae_overflow_crystal_walls,
          portal_sewer_entry_a
Sewer:    sewer_minmay_w


Message History

The river rat is moderately wounded.
You slash the rat!
You kill the rat!
The river rat bites you but does no damage. x2
You completely miss the river rat.
The river rat is severely wounded.
You hit the river rat.
The river rat is heavily wounded.
You hit the rat.
You kill the rat!
The river rat closely misses you.
The river rat bites you but does no damage.
Unknown command.
You hit the river rat.
The river rat is severely wounded.
You hit the river rat.
The river rat is almost dead.
The river rat bites you. x2
The river rat bites you but does no damage.
Unknown command.
You are too injured to fight recklessly!
Unknown command.
You are too injured to fight recklessly!
Unknown command.
You are too injured to fight recklessly!
Unknown command.
Unknown command.
Your unstable footing causes you to fumble your attack.
The river rat bites you. x2
* * * LOW HITPOINT WARNING * * *
The river rat bites you but does no damage.
The rat bites you but does no damage.
Unknown command.
Unknown command.
Your unstable footing causes you to fumble your attack.
The river rat closely misses you. The rat bites you but does no damage.
The river rat bites you but does no damage.
Unknown command.
You barely miss the river rat.
The river rat is almost dead.
You hit the rat.
You kill the rat!
You closely miss the river rat.
The river rat is severely wounded.
The river rat bites you but does no damage.
The river rat barely misses you.
You closely miss the river rat.
The river rat is almost dead.
You hit the river rat.
The river rat is almost dead.
You hit the rat.
You kill the rat!
The river rat bites you but does no damage.
The river rat bites you.
* * * LOW HITPOINT WARNING * * *
The river rat bites you but does no damage.
The river rat barely misses you.
Unknown command.
Your unstable footing causes you to fumble your attack.
The river rat bites you but does no damage.
The river rat barely misses you.
Unknown command.
Your unstable footing causes you to fumble your attack.
The river rat barely misses you.
The river rat bites you but does no damage.
The rat bites you but does no damage.
Unknown command.
You barely miss the river rat.
The river rat is almost dead.
You barely miss the rat. You hit the river rat.
You kill the river rat!
The river rat barely misses you.
The rat splashes around in the water.
The river rat bites you.
* * * LOW HITPOINT WARNING * * *
Your unstable footing causes you to fumble your attack.
The rat bites you but does no damage. The river rat bites you.
* * * LOW HITPOINT WARNING * * *
Unknown command.
Your unstable footing causes you to fumble your attack.
The rat bites you but does no damage. The river rat barely misses you.
The rat bites you but does no damage.
Unknown command.
Your unstable footing causes you to fumble your attack.
The river rat barely misses you. The rat bites you but does no damage.
Unknown command.
Your unstable footing causes you to fumble your attack.
The river rat bites you.
* * * LOW HITPOINT WARNING * * *
The rat barely misses you.
The river rat bites you but does no damage.
Drink which item? (? for menu, Esc to quit)
It was a potion of agility.
You feel agile all of a sudden. The rat barely misses you.
The river rat barely misses you.
Unknown command.
Drink which item? (? for menu, Esc to quit)
It was a potion of might.
You feel very mighty all of a sudden. The rat closely misses you.
The river rat bites you.
You die...

...
##....
.......#
#.....
......##
#..∩∩.
#......#
#.....
#......#
#.....
#≈≈≈≈≈≈#
#≈≈≈≈≈
#≈≈≈≈≈≈#
#≈≈≈≈≈
#≈≈≈r≈≈#
#≈≈≈≈≈
#≈≈@r≈≈#
#≈≈≈≈≈
#≈≈≈≈≈≈#
#≈≈≈≈≈
#≈≈≈≈≈≈#
#≈≈≈≈≈
#≈≈≈≈≈≈#
#≈≈≈≈≈
#≈≈≈≈≈≈#
#≈≈≈≈≈
#≈≈≈≈≈≈#
#≈≈≈≈≈
#≈≈≈≈≈≈#
#≈≈≈≈≈
#≈≈≈≈≈≈#
#≈≈≈≈≈
#≈≈≈≈≈≈#
#≈≈≈≈≈


You could see a river rat and a rat.

Table legend:
 A = Kills in this place as a percentage of kills in entire the game.
 B = Kills by you in this place as a percentage of kills by you in the entire game.
 C = Kills by friends in this place as a percentage of kills by friends in the entire game.
 D = Other kills in this place as a percentage of other kills in the entire game.
 E = Experience gained in this place as a percentage of experience gained in the entire game.
 F = Experience gained in this place divided by the number of levels of this place that you have seen.
                   A       B       C       D       E      F
               +-------+-------+-------+-------+-------+----------------------
         Total | 100.0 | 100.0 |  -nan |  -nan | 100.0 |  38.2
       Dungeon |  74.6 |  74.6 |  -nan |  -nan |  72.5 |  37.0
         Sewer |  25.4 |  25.4 |  -nan |  -nan |  27.5 |  42.0
               +-------+-------+-------+-------+-------+----------------------

Vanquished Creatures
  Terence (D:2)
  3 river rats
  A giant mite (D:3)
  A worm (D:2)
  A giant gecko (D:3)
  4 giant cockroaches
  7 hobgoblins
  6 jackals
  A kobold (D:2)
  4 ball pythons
  A bat (D:3)
  A giant newt (D:1)
  4 goblins
  A quokka (D:2)
  23 rats
59 creatures vanquished.

Notes
Turn   | Place    | Note
--------------------------------------------------------------
     0 | D:1      | magipi, the Ghoul Gladiator, began the quest for the Orb.
     0 | D:1      | Reached XP level 1. HP: 17/17 MP: 1/1
   111 | D:1      | Reached skill level 3 in Axes
   208 | D:1      | Reached XP level 2. HP: 24/24 MP: 2/2
   478 | D:2      | Noticed Terence
   503 | D:2      | Killed Terence
   503 | D:2      | Reached XP level 3. HP: 29/29 MP: 3/3
   892 | D:3      | Found a glowing drain.
   897 | D:3      | Reached skill level 4 in Axes
   897 | D:3      | Reached XP level 4. HP: 29/36 MP: 3/3
   968 | Sewer    | Entered a sewer
  1072 | Sewer    | HP: 1/36 [river rat (5)]
  1074 | Sewer    | Slain by a river rat

Action                   |  1- 3 |  4- 6 || total
-------------------------+-------+-------++-------
Melee: War axe           |   120 |    80 ||   200
Throw: Throwing net      |     4 |       ||     4
  Use: Potion            |       |     2 ||     2
  Eat: Chunk             |     9 |     5 ||    14

Action                   |  1- 3 |  4- 6 || total
-------------------------+-------+-------++-------
Melee: War axe           |   120 |    80 ||   200
Throw: Throwing net      |     4 |       ||     4
  Use: Potion            |       |     2 ||     2
  Eat: Chunk             |     9 |     5 ||    14

Action                   |  1- 3 |  4- 6 || total
-------------------------+-------+-------++-------
Melee: War axe           |   120 |    80 ||   200
Throw: Throwing net      |     4 |       ||     4
  Use: Potion            |       |     2 ||     2
  Eat: Chunk             |     9 |     5 ||    14
